TOP OF THE 1ST |
Northern Virginia Rainbow Mermaids batting - Pitching for Las Vegas Flamingos : RHP Kagetoki Matsubara
|
Pitching: RHP Kagetoki Matsubara
|
|
Batting: RHB Mario Castillo
|
0-0: Foul Ball, location: 2F 0-1: Ground out 5-3 (Groundball, 56, EV 83.1 MPH)
|
Batting: LHB Rylen Roersma
|
0-0: Called Strike 0-1: Ball 1-1: Ball 2-1: Foul Ball, location: 2F 2-2: Ball 3-2: Base on Balls
|
Batting: RHB Phil McCroskey
|
0-0: Fielders Choice at 2nd, 5-4 (Groundball, 5L, EV 86.9 MPH)
|
Batting: LHB Ryder Ringor
|
0-0: Foul Ball, location: 2F 0-1: Ball Phil McCroskey is caught stealing 2nd base 2-6
|
Top of the 1st over - 0 runs, 0 hits, 0 errors, 0 left on base; Northern Virginia 0 - Las Vegas 0 |
BOTTOM OF THE 1ST |
Las Vegas Flamingos batting - Pitching for Northern Virginia Rainbow Mermaids : RHP Ratko Davidovic
|
Pitching: RHP Ratko Davidovic
|
|
Batting: RHB Sake van Arem
|
0-0: Called Strike 0-1: Foul Ball, location: 2F 0-2: Ground out 4-3 (Groundball, 4M, EV 90.0 MPH)
|
Batting: LHB Juan Jose Hernández
|
0-0: Ball 1-0: Foul Ball, location: 2F 1-1: SINGLE (Groundball, 15, EV 74.4 MPH) (infield hit)
|
Batting: LHB Chan-ho Shinn
|
0-0: Foul Ball, location: 2F 0-1: Ball 1-1: Foul Ball, location: 2F 1-2: Ball 2-2: Strikes out swinging
|
Batting: LHB Lao Tian
|
0-0: Foul Ball, location: 2F 0-1: Called Strike 0-2: Ball 1-2: Foul Ball, location: 2F 1-2: Fielders Choice at 2nd, 6-4 (Groundball, 56, EV 86.2 MPH)
|
Bottom of the 1st over - 0 runs, 1 hit, 0 errors, 1 left on base; Northern Virginia 0 - Las Vegas 0 |
TOP OF THE 2ND |
Northern Virginia Rainbow Mermaids batting - Pitching for Las Vegas Flamingos : RHP Kagetoki Matsubara
|
Batting: LHB Ryder Ringor
|
0-0: Foul Ball, location: 2F 0-1: Called Strike 0-2: Ball 1-2: Fly out, F7 (Flyball, 7D, EV 90.6 MPH)
|
Batting: RHB Rob Brooks
|
0-0: Foul Ball, location: 2F 0-1: Ball 1-1: Fly out, F9 (Flyball, 9, EV 85.0 MPH)
|
Batting: LHB Tural Bishara
|
0-0: Swinging Strike 0-1: Ball 1-1: Ball 2-1: SINGLE (Line Drive, 7LS, EV 104.4 MPH)
|
Batting: RHB Richard Trevithick
|
0-0: Ball Tural Bishara steals 2nd, throwing error, E2 Tural Bishara to third 1-0: Ball 2-0: Called Strike 2-1: Ball 3-1: Base on Balls
|
Batting: LHB Tim Stinson
|
0-0: Called Strike 0-1: Ball 1-1: Swinging Strike 1-2: Fielders Choice at 2nd, U4 (Groundball, 4M, EV 83.1 MPH)
|
Top of the 2nd over - 0 runs, 1 hit, 1 error, 2 left on base; Northern Virginia 0 - Las Vegas 0 |
BOTTOM OF THE 2ND |
Las Vegas Flamingos batting - Pitching for Northern Virginia Rainbow Mermaids : RHP Ratko Davidovic
|
Batting: LHB Cisco Hernández
|
0-0: Called Strike 0-1: Ball 1-1: Ball 2-1: Called Strike 2-2: Strikes out swinging
|
Batting: LHB Adrián Gómez
|
0-0: Called Strike 0-1: Foul Ball, location: 2F 0-2: Strikes out looking
|
Batting: RHB Jody Clark
|
0-0: Ball 1-0: Called Strike 1-1: Ground out 4-3 (Groundball, 4M, EV 83.1 MPH)
|
Bottom of the 2nd over - 0 runs, 0 hits, 0 errors, 0 left on base; Northern Virginia 0 - Las Vegas 0 |
TOP OF THE 3RD |
Northern Virginia Rainbow Mermaids batting - Pitching for Las Vegas Flamingos : RHP Kagetoki Matsubara
|
Batting: RHB José Santos
|
0-0: Ball 1-0: Fly out, F9 (Flyball, 9S, EV 86.2 MPH)
|
Batting: RHB Mario Castillo
|
0-0: Called Strike 0-1: Called Strike 0-2: Ball 1-2: Strikes out swinging
|
Batting: LHB Rylen Roersma
|
0-0: Called Strike 0-1: Called Strike 0-2: Foul Ball, location: 2F 0-2: Ball 1-2: Ball 2-2: SINGLE (Groundball, 4MD, EV 106.2 MPH)
|
Batting: RHB Phil McCroskey
|
0-0: Swinging Strike 0-1: Ball 1-1: Fly out, F8 (Line Drive, 8RM, EV 84.4 MPH)
|
Top of the 3rd over - 0 runs, 1 hit, 0 errors, 1 left on base; Northern Virginia 0 - Las Vegas 0 |
BOTTOM OF THE 3RD |
Las Vegas Flamingos batting - Pitching for Northern Virginia Rainbow Mermaids : RHP Ratko Davidovic
|
Batting: RHB Esteban León
|
0-0: Called Strike 0-1: Ball 1-1: Ball 2-1: Fly out, F3 (Popup, 23F, EV 88.1 MPH)
|
Batting: RHB Rocky Zolman
|
0-0: Ball 1-0: Called Strike 1-1: Ball 2-1: Called Strike 2-2: Ball 3-2: Strikes out looking
|
Batting: RHB Sake van Arem
|
0-0: Ball 1-0: SINGLE (Flyball, 9S, EV 94.4 MPH)
|
Batting: LHB Juan Jose Hernández
|
0-0: Ball 1-0: Called Strike 1-1: Swinging Strike 1-2: Strikes out looking
|
Bottom of the 3rd over - 0 runs, 1 hit, 0 errors, 1 left on base; Northern Virginia 0 - Las Vegas 0 |
TOP OF THE 4TH |
Northern Virginia Rainbow Mermaids batting - Pitching for Las Vegas Flamingos : RHP Kagetoki Matsubara
|
Batting: LHB Ryder Ringor
|
0-0: Called Strike 0-1: Foul Ball, location: 2F 0-2: Ball 1-2: Fly out, F7 (Flyball, 7S, EV 94.4 MPH)
|
Batting: RHB Rob Brooks
|
0-0: Ball 1-0: Foul Ball, location: 2F 1-1: Foul Ball, location: 2F 1-2: Foul Ball, location: 2F 1-2: Foul Ball, location: 2F 1-2: Ball 2-2: Ball 3-2: SINGLE (Groundball, 56D, EV 106.2 MPH)
|
Batting: LHB Tural Bishara
|
0-0: Ball 1-0: Swinging Strike 1-1: Called Strike 1-2: Strikes out swinging
|
Batting: RHB Richard Trevithick
|
0-0: Ball 1-0: Ball 2-0: Called Strike 2-1: SINGLE (Groundball, 56D, EV 97.5 MPH) Rob Brooks to second
|
Batting: LHB Tim Stinson
|
0-0: Called Strike 0-1: Ground out 4-3 (Groundball, 4, EV 79.4 MPH)
|
Top of the 4th over - 0 runs, 2 hits, 0 errors, 2 left on base; Northern Virginia 0 - Las Vegas 0 |
BOTTOM OF THE 4TH |
Las Vegas Flamingos batting - Pitching for Northern Virginia Rainbow Mermaids : RHP Ratko Davidovic
|
Batting: LHB Chan-ho Shinn
|
0-0: Ball 1-0: Called Strike 1-1: Ground out 4-3 (Groundball, 4, EV 81.9 MPH)
|
Batting: LHB Lao Tian
|
0-0: Called Strike 0-1: Called Strike 0-2: Strikes out swinging
|
Batting: LHB Cisco Hernández
|
0-0: SOLO HOME RUN (Flyball, 89XD, EV 95.6 MPH), Distance : 427 ft
|
Batting: LHB Adrián Gómez
|
0-0: Fly out, F9 (Flyball, 89S, EV 88.1 MPH)
|
Bottom of the 4th over - 1 run, 1 hit, 0 errors, 0 left on base; Northern Virginia 0 - Las Vegas 1 |
TOP OF THE 5TH |
Northern Virginia Rainbow Mermaids batting - Pitching for Las Vegas Flamingos : RHP Kagetoki Matsubara
|
Batting: RHB José Santos
|
0-0: DOUBLE (Line Drive, 89M, EV 113.1 MPH)
|
Batting: RHB Mario Castillo
|
0-0: Called Strike 0-1: Foul Ball, location: 2F 0-2: Foul Ball, location: 2F 0-2: Ball 1-2: Foul Ball, location: 2F 1-2: Ball 2-2: Foul Ball, location: 2F 2-2: Ball 3-2: Fly out, F7 (Flyball, 7, EV 87.5 MPH) Runner from 2nd tags up, SAFE at 3rd with throw by LF
|
Batting: LHB Rylen Roersma
|
0-0: Ball 1-0: Called Strike 1-1: Ground out 6-3 (Groundball, 6M, EV 105.0 MPH) José Santos scores
|
Batting: RHB Phil McCroskey
|
0-0: Called Strike 0-1: Called Strike 0-2: Strikes out swinging
|
Top of the 5th over - 1 run, 1 hit, 0 errors, 0 left on base; Northern Virginia 1 - Las Vegas 1 |
BOTTOM OF THE 5TH |
Las Vegas Flamingos batting - Pitching for Northern Virginia Rainbow Mermaids : RHP Ratko Davidovic
|
Batting: RHB Jody Clark
|
0-0: Ball 1-0: Called Strike 1-1: Called Strike 1-2: Foul Ball, location: 2F 1-2: Ground out 5-3 (Groundball, 56S, EV 73.1 MPH)
|
Batting: RHB Esteban León
|
0-0: Fly out, F9 (Flyball, 89S, EV 80.0 MPH)
|
Batting: RHB Rocky Zolman
|
0-0: Swinging Strike 0-1: Ball 1-1: Swinging Strike 1-2: Strikes out swinging, 2-3 out at first.
|
Bottom of the 5th over - 0 runs, 0 hits, 0 errors, 0 left on base; Northern Virginia 1 - Las Vegas 1 |
TOP OF THE 6TH |
Northern Virginia Rainbow Mermaids batting - Pitching for Las Vegas Flamingos : RHP Kagetoki Matsubara
|
Batting: LHB Ryder Ringor
|
0-0: Ball 1-0: Swinging Strike 1-1: Ball 2-1: Swinging Strike 2-2: Foul Ball, location: 2F 2-2: Ball 3-2: Base on Balls
|
Batting: RHB Rob Brooks
|
0-0: Swinging Strike 0-1: Foul Ball, location: 2F 0-2: Ball 1-2: Ball 2-2: Strikes out swinging
|
Pitching: RHP Ryan Peterson
|
|
Batting: LHB Tural Bishara
|
0-0: Called Strike 0-1: SINGLE (Flyball, 9S, EV 90.0 MPH) Ryder Ringor to second
|
Batting: RHB Richard Trevithick
|
0-0: Ball 1-0: Foul Ball, location: 2F 1-1: Ball 2-1: Ball 3-1: Base on Balls Ryder Ringor to third Tural Bishara to second
|
Batting: LHB Tim Stinson
|
0-0: Ball 1-0: Foul Ball, location: 2F 1-1: Ball 2-1: SINGLE (Line Drive, 7LS, EV 91.2 MPH) Ryder Ringor scores Tural Bishara to third Richard Trevithick to second
|
Batting: RHB José Santos
|
0-0: Called Strike 0-1: Swinging Strike 0-2: Ball 1-2: Foul Ball, location: 2F 1-2: Ball 2-2: Ball 3-2: Base on Balls Tural Bishara scores Richard Trevithick to third Tim Stinson to second
|
Batting: RHB Mario Castillo
|
0-0: Ball 1-0: Ball 2-0: Grounds into fielders choice 1-2 (Groundball, 13S, EV 61.9 MPH) Tim Stinson to third José Santos to second
|
Batting: LHB Rylen Roersma
|
0-0: Fielders Choice at 2nd, U6 (Groundball, 6M, EV 94.4 MPH)
|
Top of the 6th over - 2 runs, 2 hits, 0 errors, 3 left on base; Northern Virginia 3 - Las Vegas 1 |
BOTTOM OF THE 6TH |
Las Vegas Flamingos batting - Pitching for Northern Virginia Rainbow Mermaids : RHP Ratko Davidovic
|
Batting: RHB Sake van Arem
|
0-0: Ball 1-0: Ball 2-0: Called Strike 2-1: Swinging Strike 2-2: Ball 3-2: Ground out 6-3 (Groundball, 6D, EV 106.2 MPH)
|
Batting: LHB Juan Jose Hernández
|
0-0: Ball 1-0: Ball 2-0: Ball 3-0: Called Strike 3-1: DOUBLE (Flyball, 8LXD, EV 98.8 MPH)
|
Batting: LHB Chan-ho Shinn
|
0-0: Called Strike 0-1: Ball 1-1: Ball 2-1: Fly out, F4 (Popup, 34D, EV 50.0 MPH)
|
Batting: LHB Lao Tian
|
0-0: Ball 1-0: SINGLE (Line Drive, 34D, EV 96.2 MPH) Juan Jose Hernández to third Runner from 3rd tries for Home, SAFE, throw by RF to home Lao Tian to second
|
Batting: LHB Cisco Hernández
|
0-0: Called Strike 0-1: Ball 1-1: Ball 2-1: Foul Ball, location: 2F 2-2: Ball 3-2: Ground out 4-3 (Groundball, 34D, EV 105.6 MPH)
|
Bottom of the 6th over - 1 run, 2 hits, 0 errors, 1 left on base; Northern Virginia 3 - Las Vegas 2 |
TOP OF THE 7TH |
Northern Virginia Rainbow Mermaids batting - Pitching for Las Vegas Flamingos : RHP Ryan Peterson
|
Batting: RHB Phil McCroskey
|
0-0: Called Strike 0-1: Ball 1-1: Ball 2-1: Ball 3-1: Foul Ball, location: 2F 3-2: Strikes out swinging
|
Batting: LHB Ryder Ringor
|
0-0: Called Strike 0-1: Ball 1-1: Ball 2-1: Ball 3-1: Base on Balls
|
Pitching: RHP Tom Warrawong
|
|
Batting: RHB Rob Brooks
|
0-0: Ball 1-0: Called Strike 1-1: Fly out, F8 (Flyball, 8LS, EV 94.4 MPH)
|
Batting: LHB Tural Bishara
|
0-0: Called Strike 0-1: DOUBLE (Line Drive, 78D, EV 108.1 MPH) Ryder Ringor to third
|
Batting: RHB Richard Trevithick
|
0-0: Called Strike 0-1: Ball 1-1: Ball 2-1: Foul Ball, location: 2F 2-2: SINGLE (Groundball, 5D, EV 98.8 MPH) Ryder Ringor scores Tural Bishara to third Runner from 3rd tries for Home, SAFE, no throw by LF
|
Batting: LHB Tim Stinson
|
0-0: Ball 1-0: Ball 2-0: Fly out, F7 (Flyball, 78D, EV 103.8 MPH)
|
Top of the 7th over - 2 runs, 2 hits, 0 errors, 1 left on base; Northern Virginia 5 - Las Vegas 2 |
BOTTOM OF THE 7TH |
Las Vegas Flamingos batting - Pitching for Northern Virginia Rainbow Mermaids : RHP Ratko Davidovic
|
Batting: LHB Adrián Gómez
|
0-0: Ball 1-0: Called Strike 1-1: Swinging Strike 1-2: Foul Ball, location: 2F 1-2: SOLO HOME RUN (Flyball, 9D, EV 101.9 MPH), Distance : 393 ft
|
Batting: RHB Jody Clark
|
0-0: Foul Ball, location: 2F 0-1: Foul Ball, location: 2F 0-2: Strikes out swinging
|
Batting: RHB Esteban León
|
0-0: Ball 1-0: Ball 2-0: Called Strike 2-1: Ball 3-1: SINGLE (Flyball, 89S, EV 94.4 MPH)
|
Batting: RHB Rocky Zolman
|
0-0: Fly out, F4 (Line Drive, 4M, EV 83.1 MPH)
|
Batting: RHB Sake van Arem
|
0-0: Ball 1-0: Foul Ball, location: 2F 1-1: Fielders Choice at 2nd, 5-4 (Groundball, 56, EV 83.8 MPH)
|
Bottom of the 7th over - 1 run, 2 hits, 0 errors, 1 left on base; Northern Virginia 5 - Las Vegas 3 |
TOP OF THE 8TH |
Northern Virginia Rainbow Mermaids batting - Pitching for Las Vegas Flamingos : RHP Tom Warrawong
|
Batting: RHB José Santos
|
0-0: Swinging Strike 0-1: Ball 1-1: Foul Ball, location: 2F 1-2: Foul Ball, location: 2F 1-2: Ball 2-2: Ball 3-2: Strikes out swinging
|
Batting: RHB Mario Castillo
|
0-0: Called Strike 0-1: Swinging Strike 0-2: Ball 1-2: Fly out, F2 (Popup, 3SF, EV 81.2 MPH)
|
Batting: LHB Rylen Roersma
|
0-0: Ball 1-0: Ball 2-0: Ball 3-0: Called Strike 3-1: Ground out 6-3 (Groundball, 6, EV 102.5 MPH)
|
Top of the 8th over - 0 runs, 0 hits, 0 errors, 0 left on base; Northern Virginia 5 - Las Vegas 3 |
BOTTOM OF THE 8TH |
Las Vegas Flamingos batting - Pitching for Northern Virginia Rainbow Mermaids : RHP Ratko Davidovic
|
Batting: LHB Juan Jose Hernández
|
0-0: Ball 1-0: Foul Ball, location: 2F 1-1: Foul Ball, location: 2F 1-2: Foul Ball, location: 2F 1-2: Foul Ball, location: 2F 1-2: Strikes out looking
|
Pitching: LHP Francisco Torres
|
|
Batting: LHB Chan-ho Shinn
|
0-0: Ball 1-0: Fly out, F7 (Flyball, 78M, EV 86.9 MPH)
|
Batting: LHB Lao Tian
|
0-0: Ball 1-0: Called Strike 1-1: Swinging Strike 1-2: Strikes out looking
|
Bottom of the 8th over - 0 runs, 0 hits, 0 errors, 0 left on base; Northern Virginia 5 - Las Vegas 3 |
TOP OF THE 9TH |
Northern Virginia Rainbow Mermaids batting - Pitching for Las Vegas Flamingos : RHP Tom Warrawong
|
Pitching: RHP Jim Sison
|
|
Batting: RHB Phil McCroskey
|
0-0: Fly out, F2 (Popup, 3SF, EV 73.8 MPH)
|
Batting: LHB Ryder Ringor
|
0-0: Swinging Strike 0-1: Swinging Strike 0-2: Ball 1-2: Foul Ball, location: 2F 1-2: Fly out, F7 (Flyball, 7, EV 86.9 MPH)
|
Batting: RHB Rob Brooks
|
0-0: Foul Ball, location: 2F 0-1: Foul Ball, location: 2F 0-2: Ball 1-2: Ball 2-2: Ball 3-2: Strikes out swinging
|
Top of the 9th over - 0 runs, 0 hits, 0 errors, 0 left on base; Northern Virginia 5 - Las Vegas 3 |
BOTTOM OF THE 9TH |
Las Vegas Flamingos batting - Pitching for Northern Virginia Rainbow Mermaids : LHP Francisco Torres
|
Pitching: RHP Brewster Warble
|
|
Batting: LHB Cisco Hernández
|
0-0: Called Strike 0-1: Fly out, F8 (Line Drive, 8RD, EV 93.1 MPH)
|
Batting: LHB Adrián Gómez
|
0-0: Called Strike 0-1: Called Strike 0-2: Ground out 6-3 (Groundball, 6, EV 103.8 MPH)
|
Batting: RHB Jody Clark
|
0-0: Called Strike 0-1: Ball 1-1: Swinging Strike 1-2: Ball 2-2: Strikes out swinging
|
Bottom of the 9th over - 0 runs, 0 hits, 0 errors, 0 left on base; Northern Virginia 5 - Las Vegas 3 |
|